 Dungeon Crawl Stone Soup version 0.29-a0-284-gf9362112df (webtiles) character file.

Game seed: 6677361719572346113

1789 sammy202020 the Skirmisher (level 9, -6/57 HPs)
             Began as a Gargoyle Berserker on Mar 20, 2022.
             Was an Elder of Trog.
             Mangled by a steam dragon (7 damage)
             ... on level 6 of the Dungeon.
             The game lasted 00:09:39 (5985 turns).

sammy202020 the Skirmisher (Gargoyle Berserker)     Turns: 5985, Time: 00:09:42

Health: -6/57      AC: 20    Str: 21    XL:     9   Next: 8%
Magic:  9/9        EV:  7    Int: 10    God:    Trog [****..]
Gold:   330        SH:  4    Dex: 11    Spells: 8/8 levels left

rFire   . . .      SeeInvis .   k - +5 eveningstar (freeze)
rCold   + . .      Faith    .   o - +0 buckler
rNeg    + . .      Spirit   .   r - +0 plate armour
rPois   ∞          Reflect  .   (no helmet)
rElec   +          Harm     .   d - +0 cloak
rCorr   .          Rampage  .   (no gloves)
Will    .....                   (no boots)
Stlth   ..........              (no amulet)
HPRegen 0.19/turn               q - ring of protection from cold
MPRegen 0.11/turn               (no ring)

@: no status effects
A: sickness immunity, AC +6, negative energy resistance 1, electricity
resistance, torment resistance 1, petrification resistance
a: Renounce Religion, Berserk, Trog's Hand, Brothers in Arms


You were on level 6 of the Dungeon.
You worshipped Trog.
Trog was greatly pleased with you.
You visited 1 branch of the dungeon, and saw 6 of its levels.
You also visited: Sewer.

You collected 330 gold pieces.

Inventory:

Hand Weapons
 a - a +0 mace
 i - a +0 flail of protection
 k - a +5 eveningstar of freezing (weapon)
Missiles
 e - 6 poisoned darts (quivered)
 p - 5 boomerangs
Armour
 d - a +0 cloak (worn)
 n - a +0 chain mail
 o - a +0 buckler (worn)
 r - a +0 plate armour (worn)
Jewellery
 q - a ring of protection from cold (left hand)
Wands
 b - a wand of flame (44)
Scrolls
 g - a scroll of noise
 h - 5 scrolls of blinking
Potions
 c - a potion of resistance {unknown}
 f - 2 potions of heal wounds
 j - 3 potions of curing
 l - a potion of degeneration {unknown}
 m - 2 potions of brilliance
 s - a potion of might {unknown}
 t - a potion of haste {unknown}
 u - a potion of ambrosia {unknown}


   Skills:
 * Level 7.1 Fighting
 * Level 6.4 Maces & Flails
 * Level 6.5 Armour
 + Level 3.7 Dodging
 * Level 3.9 Shields


You had 8 spell levels left.
You didn't know any spells.
Your spell library was empty.

Dungeon Overview and Level Annotations

Branches:
Dungeon (6/15)              Sewer (visited)
 Temple: D:4-7

Altars:
Cheibriados
Dithmenos

Shops:
D:3 :


Innate Abilities, Weirdness & Mutations

You are immune to sickness and miasma.
Your stone body is resilient. (AC +6)
You are immune to poison.
You resist negative energy. (rN+)
You are resistant to electric shocks. (rElec)
You are resistant to unholy torment.
You are immune to petrification.


Message History

A steam dragon comes into view.
The steam dragon hisses angrily.
The steam dragon breathes steam at you. The ball of steam misses you.
You are engulfed in a cloud of scalding steam.
The steam dragon closely misses you.
The steam dragon claws you but does no damage.
You closely miss the steam dragon. You block the steam dragon's attack.
The steam dragon claws you but does no damage.
You barely miss the steam dragon. The steam dragon closely misses you.
The steam dragon claws you but does no damage.
You bludgeon the steam dragon!! You freeze the steam dragon.
The steam dragon is severely wounded.
The steam dragon breathes steam at you. The ball of steam hits you!
The steam dragon barely misses you.
The steam dragon claws you but does no damage.
You barely miss the steam dragon.
The steam dragon is severely wounded.
You are engulfed in a cloud of scalding steam.
The steam dragon breathes steam at you.
The ball of steam hits you but does no damage.
You closely miss the steam dragon.
The steam dragon is severely wounded.
You are engulfed in a cloud of scalding steam.
The steam dragon bites you but does no damage.
The steam dragon claws you.
You barely miss the steam dragon.
The steam dragon is severely wounded.
You are engulfed in a cloud of scalding steam.
You block the steam dragon's attack.
The steam dragon claws you but does no damage.
The steam dragon bites you.
The steam dragon claws you but does no damage.
You hit the steam dragon. You freeze the steam dragon.
The steam dragon is severely wounded.
The steam dragon breathes steam at you. The ball of steam hits you!!
* * * LOW HITPOINT WARNING * * *
The steam dragon bites you!
You die...

##. ##......# .#.
##...##..#
...###...###..#
.......### #.##
.......# ##.#
.......###..## #
.##..........## ≈#
#.....####..####.≈#
#....## #.##.@..≈#
.##....# ##.#..D.≈##
.>...).## #.....⌠.≈#
#.......###..#...≈≈#
......#......##.≈≈##
.....#####...######
###.. ###..# ##.
#..... #. .......


You could see a steam dragon (catching breath).

Vanquished Creatures
  A yak (D:5)
  Sigmund (D:5)
  The ghost of Bimmy the Ruffian, an amateur TrMo of Elyvilon (D:4)
  A steam dragon (D:6)
  2 ice beasts (D:5)
  2 phantoms (D:5)
  2 bullfrogs (Sewer)
  4 scorpions
  A jelly (D:3)
  Jessica (D:2)
  Terence (D:2)
  2 orc wizards
  Natasha (thrice) (D:2)
  2 iguanas (D:5)
  4 gnolls
  7 adders
  A white imp (D:5)
  An ufetubus (D:3)
  6 worms
  4 dart slugs
  9 orcs
  8 endoplasms
  3 giant cockroaches (Sewer)
  7 goblins
  6 hobgoblins
  6 jackals (D:1)
  8 quokkas
  12 ball pythons
  5 bats
  10 frilled lizards
  8 kobolds
  13 rats
142 creatures vanquished.

Notes
Turn   | Place    | Note
-------+----------+-------------------------------------------
     0 | D:1      | sammy202020 the Gargoyle Berserker began the quest for the
                  | Orb.
     0 | D:1      | Reached XP level 1. HP: 14/14 MP: 1/1
   185 | D:1      | Reached XP level 2. HP: 17/19 MP: 2/2
   460 | D:1      | Reached XP level 3. HP: 19/24 MP: 3/3
   585 | D:1      | Reached ** piety under Trog
   715 | D:1      | Found a faded altar of an unknown god.
  1171 | D:2      | Noticed Jessica
  1184 | D:2      | Reached XP level 4. HP: 3/29 MP: 4/4
  1189 | D:2      | Killed Jessica
  1190 | D:2      | Reached skill level 4 in Fighting
  1575 | D:2      | Noticed Natasha
  1585 | D:2      | Reached XP level 5. HP: 27/33 MP: 5/5
  1587 | D:2      | Killed Natasha
  1710 | D:2      | Noticed Natasha
  1720 | D:2      | Killed Natasha
  1889 | D:2      | Noticed Natasha
  1905 | D:2      | Killed Natasha
  2245 | D:2      | Noticed Terence
  2256 | D:2      | Killed Terence
  2257 | D:2      | Reached XP level 6. HP: 31/39 MP: 6/6
  2535 | D:3      | Found Tiutis's Book Shop.
  2715 | D:3      | Found a glowing drain.
  2720 | Sewer    | Entered a sewer
  2772 | Sewer    | Reached skill level 5 in Fighting
  2927 | Sewer    | Reached *** piety under Trog
  3039 | Sewer    | Reached XP level 7. HP: 24/44 MP: 7/7
  3771 | D:3      | Identified a scroll of acquirement
  3771 | D:3      | Acquired a +4 eveningstar of freezing
  4238 | D:4      | Reached skill level 5 in Maces & Flails
  4463 | D:4      | Reached skill level 5 in Armour
  4693 | D:4      | Found a large runed translucent door.
  4693 | D:4      | Found a large runed translucent door.
  4697 | D:4      | Noticed Bimmy's ghost (amateur TrMo)
  4716 | D:4      | Killed Bimmy's ghost
  4717 | D:4      | Reached skill level 1 in Shields
  4897 | D:5      | Entered Level 5 of the Dungeon
  4982 | D:5      | Noticed a yak
  4997 | D:5      | Reached skill level 6 in Fighting
  4997 | D:5      | Reached XP level 8. HP: 48/51 MP: 8/8
  5011 | D:5      | Reached **** piety under Trog
  5058 | D:5      | Killed a yak
  5064 | D:5      | Identified the +11 falchion of True Grit {pain, Will+
                  | Int+3}
  5298 | D:5      | Found a large runed translucent door.
  5298 | D:5      | Found a large runed translucent door.
  5651 | D:5      | Noticed Sigmund
  5657 | D:5      | Killed Sigmund
  5827 | D:5      | Found a snail-covered altar of Cheibriados.
  5833 | D:5      | Found a shadowy altar of Dithmenos.
  5938 | D:6      | Reached skill level 7 in Fighting
  5938 | D:6      | Reached XP level 9. HP: 57/57 MP: 9/9
  5985 | D:6      | HP: 1/57 [steam dragon/ball of steam (19)]
  5985 | D:6      | Mangled by a steam dragon

Illustrated notes

Levels and vault maps discovered:
D:1:      enne_arrival_octagon_isle, layout_loops_ring,
          hellmonk_ecumenical_altar_crossroads, st_stairs_3,
          minmay_misc_feat_iff, minmay_misc_feat_diagonals
D:2:      layout_basic, minmay_pentomino_v2, uniq_natasha, uniq_terence,
          uniq_jessica
D:3:      layout_loops_corners, serial_shops, shop_coins, portal_sewer_entry_e,
          hangedman_decor_push, nrook_loot_triangle
D:4:      layout_loops_ring, ebering_ghost_disaster_area, item_on_display_a
D:5:      minmay_clustersquares, layout_loops_ring, jmf_multi_god_temple2,
          uniq_sigmund
D:6:      cheibrodos_steamvent, layout_layer_cave

Skill      XL: |  1  2  3  4  5  6  7  8 |
---------------+-------------------------+-----
Armour         | 3 4 5 6 |  6.5
Dodging        | 2 3 |  3.7
Fighting       | 4 5 6 7 |  7.1
Maces & Flails | 4 5 6 |  6.4
Shields        | 1 3 |  3.9

Action                   |  1- 3 |  4- 6 |  7- 9 || total
-------------------------+-------+-------+-------++-------
Melee: Mace              |   122 |    47 |       ||   169
       Flail             |       |   148 |    21 ||   169
       Unarmed           |       |     5 |       ||     5
       Punch             |       |     3 |       ||     3
       Eveningstar       |       |       |   115 ||   115
Throw: Dart              |     1 |       |       ||     1
Invok: Trog's Hand       |     1 |     1 |       ||     2
       Berserk           |       |     4 |       ||     4
  Use: Scroll            |       |       |     8 ||     8
Armor: Animal skin       |    33 |       |       ||    33
       Ring mail         |    13 |    26 |       ||    39
       Skin              |       |    18 |       ||    18
       Scale mail        |       |     7 |       ||     7
       Chain mail        |       |   125 |    30 ||   155
       Plate armour      |       |       |    65 ||    65
Dodge: Dodged            |   100 |   125 |    43 ||   268
Block: Buckler           |       |       |    10 ||    10

Table legend: (Time is in decaauts)
 A = Elapsed time spent in this place.
 B = Non-inter-level travel time spent in this place.
 C = Inter-level travel time spent in this place.
 D = Time resting spent in this place.
 E = Time spent auto-exploring this place.
 F = Levels seen in this place.
 G = Mean time per level.
                   A        B        C        D        E       F      G
               +--------+--------+--------+--------+--------+-----+--------+
         Total |   6251 |   6179 |     72 |    270 |   4531 |   7 |  893.0 |
       Dungeon |   5425 |   5353 |     72 |    270 |   3958 |   6 |  904.2 |
         Sewer |    826 |    826 |      0 |      0 |    573 |   1 |  826.0 |
               +--------+--------+--------+--------+--------+-----+--------+

Top non-repeatable levels by time:
     D:2: 1370 daAuts
     D:1: 1149 daAuts
     D:3: 1131 daAuts
     D:5: 1018 daAuts
   Sewer: 826 daAuts
     D:4: 668 daAuts
     D:6: 87 daAuts
